Predators vs Flyers

Created - 30 octobre 2025 at 23:26

Goals
1 2 3 T
Predators 1 1 1 3
Flyers 1 1 0 2
Shots
1 2 3 T
Predators 12 5 6 23
Flyers 11 6 7 24

GoalsPenalties
1st period
1. Flyers , Mikael Granlund 2 (Rasmus Andersson 5) at 12:07
2. Predators , Keegan Kolesar 3 (J.J. Peterka 8) at 13:37
Keegan Kolesar (NAS) for Tripping (Minor) at 0:21
2nd period
3. Flyers , Charlie Coyle 3 (Corey Perry 1, Rickard Rakell 7) at 3:33
4. Predators , William Karlsson 2 (Keegan Kolesar 6, J.J. Peterka 9) at 19:59
Jake Middleton (PHI) for Delaying the game (Minor) at 9:02
3rd period
5. Predators , Bryan Rust 8 (Jaden Schwartz 4, Mario Ferraro 5) at 0:36
Garnet Hathaway (PHI) for Hooking (Minor) at 2:44
Quinn Hughes (PHI) for Roughing (Minor) at 6:10
Garnet Hathaway (PHI) for Hooking (Minor) at 15:19
Goalie Stats
Dustin Wolf (NAS), 22 saves from 24 shots - (0,917), W, 4-5-0, 60:00 minutes
Matt Villalta (PHI), 20 saves from 23 shots - (0,870), L, 1-2-1, 59:01 minutes
3 StarsOfficial
1 - Keegan Kolesar (NAS)
2 - Charlie Coyle (PHI)
3 - J.J. Peterka (NAS)
Referees : Sydney Harris and Tatu Kunto
Linesman : Shawn Oliver and Sophie Thomson
Game Note
No Game Note
Finance
Level 1 -- Attendance: 5143 (86%) -- Ticket Income $483,442
Level 2 -- Attendance: 4503 (90%) -- Ticket Income $247,665
Level 3 -- Attendance: 3240 (72%) -- Ticket Income $77,760
Level 4 -- Attendance: 3068 (77%) -- Ticket Income $61,360
Luxury Box -- Attendance: 1000 (100%) -- Ticket Income $194,000
Game was played at the Wachovia Center.
Total Attendance: 16954 (83%)
Total Ticket Income: $1,064,227
Other Income: $319,268
Total Income: $1,383,495



Team Name Goals Shots Shots Attemp Shots Blocked PIM HIT PP PK FO%
Predators 32343122170 / 4 (0%)060%
Flyers 22452108280 / 1 (0%)040%

Predators
Player Name POS G A P +/- PIM HIT SHT SB MP PP MP PP SHT PK MP PK SHT FO% FOT GA TA
Alexandre TexierLW/RW000000009:400:2700:5600% 000
Bryan RustLW/RW1010012118:324:1401:030100% 120
Calvin de HaanD000-100009:250:0000:0000% 010
Cody CeciD0000001226:163:5200:5500% 013
Cole CaufieldLW/RW0000022116:533:5800:0000% 210
Connor McDavidC/RW0000014021:073:5800:56073% 1101
Dylan SambergD0002000021:120:0001:0400% 002
Erik GustafssonD000000006:423:5200:0000% 000
J.J. PeterkaLW/RW0221010019:323:4200:00050% 210
Jaden SchwartzC/LW/RW0110035113:020:0000:0000% 100
Justin BarronD0000000010:464:0400:0000% 001
Keegan KolesarRW1121232018:350:0000:000100% 100
Mario FerraroD011-1020325:144:0401:0400% 011
Nicolas HagueD0002021220:480:0000:5500% 000
Oskar SundqvistC0000010014:420:1600:00029% 700
Paul CotterC/LW/RW000000116:430:0000:0000% 000
William KarlssonC1011004022:503:4201:03069% 1600
Zach HymanLW/RW0000011116:013:3100:000100% 100
Flyers
Player Name POS G A P +/- PIM HIT SHT SB MP PP MP PP SHT PK MP PK SHT FO% FOT GA TA
Anthony BeauvillierLW000-1021115:571:0301:5600% 010
Charlie CoyleC1011035120:580:5604:10144% 2510
Cole KoepkeLW/RW000000008:460:0000:0000% 000
Corey PerryRW0111000016:390:5600:0000% 200
Drew DoughtyD0000050220:460:5503:0300% 001
Garnet HathawayRW000-1450014:131:0300:0000% 000
Jacob Bernard-DockerD0001010215:490:0002:0200% 000
Jake MiddletonD0000200220:040:5502:0800% 000
Jesper BoqvistC/LW/RW000-1011012:140:0000:0000% 010
Kyle MacLeanC000000208:460:0000:0000% 111
Mattias JanmarkC/LW/RW000-1020011:370:0000:0000% 000
Mikael GranlundC101-1014016:101:0301:50033% 610
Phil Di GiuseppeLW0000012010:500:0001:4700% 121
Quinn HughesD000-2203124:321:0403:4200% 002
Rasmus AnderssonD011-2030125:271:0404:5700% 001
Rasmus RistolainenD0001002014:070:0000:0000% 000
Rickard RakellLW/RW0111014020:580:5604:10050% 411
Sean MonahanC000-1030014:070:0001:59067% 300

Predators

5 vs 5 Forward
Line #Left WingCenterRight WingPHYDFOFWanted %Time %Time Play
1Cole CaufieldConnor McDavidZach Hyman0143530%14:33
2J.J. PeterkaWilliam KarlssonKeegan Kolesar0233334%16:31
3Jaden SchwartzOskar SundqvistBryan Rust0232725%12:02
4Alexandre TexierConnor McDavidPaul Cotter032512%5:51
5 vs 5 Defense
Line #DefenseDefensePHYDFOFWanted %Time %Time Play
1Cody CeciMario Ferraro0324029%14:05
2Dylan SambergNicolas Hague0324041%19:55
3Cody CeciJustin Barron0321014%6:40
4Calvin de HaanMario Ferraro0321017%8:17
Power Play Forward
Line #Left WingCenterRight WingPHYDFOFWanted %Time %Time Play
1Bryan RustConnor McDavidCole Caufield0056053%4:14
2Zach HymanWilliam KarlssonJ.J. Peterka0054047%3:42
Power Play Defense
Line #DefenseDefensePHYDFOFWanted %Time %Time Play
1Cody CeciErik Gustafsson0146049%3:52
2Mario FerraroJustin Barron0144051%4:04
Penalty Kill 4 Players Forward
Line #CenterWingPHYDFOFWanted %Time %Time Play
1William KarlssonBryan Rust1405553%1:03
2Connor McDavidKeegan Kolesar1404547%0:56
Penalty Kill 4 Players Defense
Line #DefenseDefensePHYDFOFWanted %Time %Time Play
1Mario FerraroDylan Samberg1406054%1:04
2Cody CeciNicolas Hague1404046%0:55
Penalty Kill 3 Players
Line #WingPHYDFOFWanted %Time %Time PlayDefenseDefensePHYDFOFWanted %Time %Time Play
1William Karlsson050600%0:00 Mario FerraroDylan Samberg050600%0:00
2Connor McDavid050400%0:00 Cody CeciNicolas Hague050400%0:00
4 vs 4 Forward
Line #CenterWingPHYDFOFWanted %Time %Time Play
1Connor McDavidCole Caufield005600%0:00
2William KarlssonJ.J. Peterka023400%0:00
4 vs 4 Defense
Line #DefensePHYDFOFWanted %Time %Time Play
1Cody CeciDylan Samberg032600%0:00
2Mario FerraroNicolas Hague032400%0:00
Last Minutes Offensive
Left WingCenterRight WingDefenseDefense
Bryan RustConnor McDavidCole CaufieldCody CeciErik Gustafsson
Last Minutes Defensive
Left WingCenterRight WingDefenseDefense
Connor McDavidWilliam KarlssonKeegan KolesarCody CeciDylan Samberg
Time
Total ForwardTotal DefenseLast Minutes OffensiveLast Minutes Defensive
60:00 60:00 0:001:08
Extra Forwards
Normal PowerPlayPenalty Kill
Connor McDavid, Cole Caufield, Bryan RustConnor McDavid, Cole CaufieldWilliam Karlsson
Extra Defensemen
Normal PowerPlayPenalty Kill
Cody Ceci, Dylan Samberg, Mario FerraroCody Ceci, Cody CeciDylan Samberg
Penalty Shots
Cole Caufield, Connor McDavid, Bryan Rust, Zach Hyman, J.J. Peterka
Goalie
Dustin Wolf, Arvid Soderblom
Scratches
Brandt Clarke (Healthy), Brayden Pachal (Healthy)

Flyers

5 vs 5 Forward
Line #Left WingCenterRight WingPHYDFOFWanted %Time %Time Play
1Rickard RakellCharlie CoyleCorey Perry1223431%15:01
2Anthony BeauvillierMikael GranlundGarnet Hathaway1222728%13:32
3Jesper BoqvistSean MonahanMattias Janmark1222224%11:37
4Phil Di GiuseppeKyle MacLeanCole Koepke1221718%8:46
5 vs 5 Defense
Line #DefenseDefensePHYDFOFWanted %Time %Time Play
1Quinn HughesRasmus Andersson1223736%17:39
2Jake MiddletonDrew Doughty1223334%16:48
3Rasmus RistolainenJacob Bernard-Docker1222528%13:47
4Quinn HughesRasmus Andersson12251%0:42
Power Play Forward
Line #Left WingCenterRight WingPHYDFOFWanted %Time %Time Play
1Rickard RakellCharlie CoyleCorey Perry1226047%0:56
2Anthony BeauvillierMikael GranlundGarnet Hathaway1224053%1:03
Power Play Defense
Line #DefenseDefensePHYDFOFWanted %Time %Time Play
1Quinn HughesRasmus Andersson1226054%1:04
2Jake MiddletonDrew Doughty1224046%0:55
Penalty Kill 4 Players Forward
Line #CenterWingPHYDFOFWanted %Time %Time Play
1Rickard RakellCharlie Coyle1226077%6:06
2Mikael GranlundSean Monahan1224023%1:50
Penalty Kill 4 Players Defense
Line #DefenseDefensePHYDFOFWanted %Time %Time Play
1Quinn HughesRasmus Andersson1226062%4:53
2Jake MiddletonDrew Doughty1224038%3:03
Penalty Kill 3 Players
Line #WingPHYDFOFWanted %Time %Time PlayDefenseDefensePHYDFOFWanted %Time %Time Play
1Rickard Rakell122600%0:00 Quinn HughesRasmus Andersson122600%0:00
2Charlie Coyle122400%0:00 Jake MiddletonDrew Doughty122400%0:00
4 vs 4 Forward
Line #CenterWingPHYDFOFWanted %Time %Time Play
1Rickard RakellCharlie Coyle122600%0:00
2Mikael GranlundSean Monahan122400%0:00
4 vs 4 Defense
Line #DefensePHYDFOFWanted %Time %Time Play
1Quinn HughesRasmus Andersson122600%0:00
2Jake MiddletonDrew Doughty122400%0:00
Last Minutes Offensive
Left WingCenterRight WingDefenseDefense
Rickard RakellCharlie CoyleCorey PerryQuinn HughesRasmus Andersson
Last Minutes Defensive
Left WingCenterRight WingDefenseDefense
Rickard RakellCharlie CoyleCorey PerryQuinn HughesRasmus Andersson
Time
Total ForwardTotal DefenseLast Minutes OffensiveLast Minutes Defensive
60:00 60:00 1:090:00
Extra Forwards
Normal PowerPlayPenalty Kill
Jesper Boqvist, Mattias Janmark, Phil Di GiuseppeJesper Boqvist, Mattias JanmarkPhil Di Giuseppe
Extra Defensemen
Normal PowerPlayPenalty Kill
Rasmus Ristolainen, Jacob Bernard-Docker, Jake MiddletonRasmus Ristolainen, Jacob Bernard-DockerJake Middleton
Penalty Shots
Rickard Rakell, Charlie Coyle, Mikael Granlund, Sean Monahan, Anthony Beauvillier
Goalie
Matt Villalta, John Gibson
Scratches
None


Play-by-Play

1st period


0:01 of 1st period - Zach Hyman wins face-off versus Corey Perry in neutral zone.
0:16 of 1st period - Slapshot by Charlie Coyle.
0:16 of 1st period - Stopped by Dustin Wolf without a rebound.
0:17 of 1st period - Mikael Granlund wins face-off versus William Karlsson in Predators zone.
0:21 of 1st period - Minor Penalty to Keegan Kolesar for Tripping.
0:22 of 1st period - William Karlsson wins face-off versus Charlie Coyle in Predators zone.
1:43 of 1st period - William Karlsson is hit by Anthony Beauvillier and loses puck.
2:21 of 1st period - Penalty to Keegan Kolesar is over, Keegan Kolesar is back on ice.
2:28 of 1st period - Slapshot by Kyle MacLean.
2:28 of 1st period - Shot Misses the Net.
3:44 of 1st period - Wrist shot by Cole Koepke.
3:44 of 1st period - Shot Misses the Net.
4:08 of 1st period - Snap shot by Keegan Kolesar.
4:08 of 1st period - Deflect By William Karlsson.
4:08 of 1st period - Stopped by Matt Villalta with a rebound.
4:22 of 1st period - Snap shot by Kyle MacLean.
4:22 of 1st period - Shot Misses the Net.
4:24 of 1st period - Snap shot by Rasmus Ristolainen.
4:24 of 1st period - Stopped by Dustin Wolf with a rebound.
4:26 of 1st period - Snap shot by Phil Di Giuseppe.
4:26 of 1st period - Stopped by Dustin Wolf with a rebound.
4:28 of 1st period - Snap shot by Kyle MacLean.
4:28 of 1st period - Stopped by Dustin Wolf without a rebound.
4:29 of 1st period - Connor McDavid wins face-off versus Charlie Coyle in Predators zone.
5:09 of 1st period - Quinn Hughes is hit by Connor McDavid.
5:23 of 1st period - Wrist shot by Paul Cotter.
5:23 of 1st period - Stopped by Matt Villalta with a rebound.
5:25 of 1st period - Snap shot by Connor McDavid.
5:25 of 1st period - Stopped by Matt Villalta without a rebound.
5:26 of 1st period - Oskar Sundqvist wins face-off versus Mikael Granlund in Flyers zone.
5:53 of 1st period - Dylan Samberg is hit by Charlie Coyle and loses puck.
6:55 of 1st period - Cole Caufield is hit by Sean Monahan and loses puck.
8:08 of 1st period - Zach Hyman is hit by Drew Doughty and loses puck.
8:21 of 1st period - Alexandre Texier is hit by Garnet Hathaway and loses puck.
8:46 of 1st period - Mario Ferraro is hit by Rickard Rakell.
9:12 of 1st period - Dylan Samberg is hit by Garnet Hathaway and loses puck.
11:16 of 1st period - Alexandre Texier is hit by Jesper Boqvist and loses puck.
11:23 of 1st period - Snap shot by Jesper Boqvist.
11:23 of 1st period - Shot Blocked by Cody Ceci.
11:42 of 1st period - William Karlsson is hit by Drew Doughty and loses puck.
11:49 of 1st period - Wrist shot by Kyle MacLean.
11:49 of 1st period - Stopped by Dustin Wolf with a rebound.
12:05 of 1st period - Wrist shot by Mikael Granlund.
12:05 of 1st period - Stopped by Dustin Wolf with a rebound.
12:07 of 1st period - Snap shot by Mikael Granlund.
12:07 of 1st period - Goal by Mikael Granlund - Predators : 0 - Flyers : 1.
12:08 of 1st period - Charlie Coyle wins face-off versus Oskar Sundqvist in neutral zone.
12:32 of 1st period - Mario Ferraro is hit by Drew Doughty and loses puck.
12:41 of 1st period - Snap shot by Rickard Rakell.
12:41 of 1st period - Stopped by Dustin Wolf with a rebound.
12:54 of 1st period - Snap shot by Bryan Rust.
12:54 of 1st period - Stopped by Matt Villalta with a rebound.
12:56 of 1st period - Slapshot by Cody Ceci.
12:56 of 1st period - Shot Blocked by Charlie Coyle.
12:58 of 1st period - Snap shot by Bryan Rust.
12:58 of 1st period - Shot Misses the Net.
13:23 of 1st period - Snap shot by Jaden Schwartz.
13:23 of 1st period - Stopped by Matt Villalta with a rebound.
13:25 of 1st period - Slapshot by Cody Ceci.
13:25 of 1st period - Deflect By Bryan Rust.
13:25 of 1st period - Shot Blocked by Drew Doughty.
13:25 of 1st period - Puck is out of play.
13:26 of 1st period - Mikael Granlund wins face-off versus William Karlsson in Flyers zone.
13:37 of 1st period - Snap shot by Keegan Kolesar.
13:37 of 1st period - Goal by Keegan Kolesar - Predators : 1 - Flyers : 1.
13:38 of 1st period - J.J. Peterka wins face-off versus Mikael Granlund in neutral zone.
13:55 of 1st period - Snap shot by J.J. Peterka.
13:55 of 1st period - Shot Blocked by Rasmus Andersson.
14:05 of 1st period - Connor McDavid is hit by Mattias Janmark and loses puck.
14:12 of 1st period - Snap shot by Connor McDavid.
14:12 of 1st period - Stopped by Matt Villalta with a rebound.
14:16 of 1st period - Snap shot by Connor McDavid.
14:16 of 1st period - Stopped by Matt Villalta without a rebound.
14:17 of 1st period - William Karlsson wins face-off versus Charlie Coyle in Flyers zone.
14:34 of 1st period - Snap shot by J.J. Peterka.
14:34 of 1st period - Shot Misses the Net.
14:50 of 1st period - Snap shot by Mikael Granlund.
14:50 of 1st period - Shot Misses the Net.
14:52 of 1st period - Slapshot by Mikael Granlund.
14:52 of 1st period - Stopped by Dustin Wolf without a rebound.
14:53 of 1st period - William Karlsson wins face-off versus Mikael Granlund in Predators zone.
15:28 of 1st period - Snap shot by Charlie Coyle.
15:28 of 1st period - Stopped by Dustin Wolf without a rebound.
15:29 of 1st period - Charlie Coyle wins face-off versus Oskar Sundqvist in Predators zone.
15:32 of 1st period - Snap shot by Charlie Coyle.
15:32 of 1st period - Shot Blocked by Jaden Schwartz.
15:38 of 1st period - Wrist shot by Jaden Schwartz.
15:38 of 1st period - Stopped by Matt Villalta without a rebound.
15:39 of 1st period - Oskar Sundqvist wins face-off versus Charlie Coyle in Flyers zone.
15:46 of 1st period - Snap shot by Jaden Schwartz.
15:46 of 1st period - Shot Blocked by Quinn Hughes.
15:48 of 1st period - Slapshot by Dylan Samberg.
15:48 of 1st period - Deflect By Bryan Rust.
15:48 of 1st period - Shot Misses the Net.
15:48 of 1st period - Puck is out of play.
15:49 of 1st period - William Karlsson wins face-off versus Charlie Coyle in Flyers zone.
16:02 of 1st period - Snap shot by William Karlsson.
16:02 of 1st period - Stopped by Matt Villalta without a rebound.
16:03 of 1st period - William Karlsson wins face-off versus Mikael Granlund in Flyers zone.
16:06 of 1st period - Slapshot by Keegan Kolesar.
16:06 of 1st period - Stopped by Matt Villalta with a rebound.
16:12 of 1st period - J.J. Peterka is hit by Garnet Hathaway and loses puck.
16:29 of 1st period - Rasmus Andersson is hit by Zach Hyman and loses puck.
16:38 of 1st period - Wrist shot by Jesper Boqvist.
16:38 of 1st period - Stopped by Dustin Wolf with a rebound.
16:40 of 1st period - Snap shot by Jesper Boqvist.
16:40 of 1st period - Shot Blocked by Cole Caufield.
17:04 of 1st period - Snap shot by Connor McDavid.
17:04 of 1st period - Stopped by Matt Villalta with a rebound.
17:23 of 1st period - Snap shot by Phil Di Giuseppe.
17:23 of 1st period - Shot Blocked by Cody Ceci.
17:25 of 1st period - Wrist shot by Phil Di Giuseppe.
17:25 of 1st period - Deflect By Connor McDavid.
17:25 of 1st period - Shot Misses the Net.
17:25 of 1st period - Puck is out of play.
17:26 of 1st period - Keegan Kolesar wins face-off versus Charlie Coyle in Predators zone.
17:26 of 1st period - Keegan Kolesar is hit by Rasmus Andersson.
17:52 of 1st period - Dylan Samberg is hit by Anthony Beauvillier and loses puck.
18:18 of 1st period - Paul Cotter is hit by Sean Monahan and loses puck.
18:33 of 1st period - Drew Doughty is hit by Keegan Kolesar and loses puck.
19:01 of 1st period - Quinn Hughes is hit by Jaden Schwartz.
Goals for this period are 1 for Predators vs 1 for Flyers.
Shots for this period are 12 for Predators vs 11 for Flyers.

2nd period


0:01 of 2nd period - William Karlsson wins face-off versus Charlie Coyle in neutral zone.
0:57 of 2nd period - Icing by Dylan Samberg.
0:58 of 2nd period - Sean Monahan wins face-off versus Oskar Sundqvist in Predators zone.
1:05 of 2nd period - Dylan Samberg is hit by Drew Doughty and loses puck.
1:51 of 2nd period - Icing by Jake Middleton.
1:52 of 2nd period - Sean Monahan wins face-off versus William Karlsson in Flyers zone.
1:52 of 2nd period - Sean Monahan is hit by Mario Ferraro.
2:20 of 2nd period - Slapshot by Sean Monahan.
2:20 of 2nd period - Deflect By Mattias Janmark.
2:20 of 2nd period - Shot Blocked by Mario Ferraro.
2:20 of 2nd period - Puck is out of play.
2:21 of 2nd period - Charlie Coyle wins face-off versus Connor McDavid in Predators zone.
2:53 of 2nd period - Anthony Beauvillier is hit by Oskar Sundqvist and loses puck.
3:15 of 2nd period - Icing by Cody Ceci.
3:16 of 2nd period - Charlie Coyle wins face-off versus William Karlsson in Predators zone.
3:31 of 2nd period - Snap shot by Corey Perry.
3:31 of 2nd period - Shot Blocked by Mario Ferraro.
3:33 of 2nd period - Slapshot by Charlie Coyle.
3:33 of 2nd period - Goal by Charlie Coyle - Predators : 1 - Flyers : 2.
3:34 of 2nd period - Connor McDavid wins face-off versus Charlie Coyle in neutral zone.
3:51 of 2nd period - Snap shot by Connor McDavid.
3:51 of 2nd period - Shot Misses the Net.
4:37 of 2nd period - Snap shot by Jaden Schwartz.
4:37 of 2nd period - Stopped by Matt Villalta with a rebound.
4:39 of 2nd period - Slapshot by Cody Ceci.
4:39 of 2nd period - Stopped by Matt Villalta without a rebound.
4:40 of 2nd period - Connor McDavid wins face-off versus Charlie Coyle in Flyers zone.
5:15 of 2nd period - Wrist shot by J.J. Peterka.
5:15 of 2nd period - Shot Blocked by Jacob Bernard-Docker.
5:17 of 2nd period - Wrist shot by Keegan Kolesar.
5:17 of 2nd period - Shot Blocked by Anthony Beauvillier.
5:19 of 2nd period - Wrist shot by Nicolas Hague.
5:19 of 2nd period - Stopped by Matt Villalta with a rebound.
5:21 of 2nd period - Slapshot by Nicolas Hague.
5:21 of 2nd period - Shot Blocked by Jacob Bernard-Docker.
6:07 of 2nd period - Slapshot by Jesper Boqvist.
6:07 of 2nd period - Shot Blocked by Paul Cotter.
6:21 of 2nd period - Keegan Kolesar is hit by Charlie Coyle and loses puck.
6:46 of 2nd period - Slapshot by Mikael Granlund.
6:46 of 2nd period - Shot Misses the Net.
7:34 of 2nd period - Slapshot by Quinn Hughes.
7:34 of 2nd period - Stopped by Dustin Wolf with a rebound.
7:36 of 2nd period - Slapshot by Quinn Hughes.
7:36 of 2nd period - Stopped by Dustin Wolf with a rebound.
7:38 of 2nd period - Snap shot by Mikael Granlund.
7:38 of 2nd period - Shot Blocked by Bryan Rust.
8:04 of 2nd period - Snap shot by Cole Caufield.
8:04 of 2nd period - Stopped by Matt Villalta without a rebound.
8:05 of 2nd period - Charlie Coyle wins face-off versus Oskar Sundqvist in Flyers zone.
8:37 of 2nd period - J.J. Peterka is hit by Garnet Hathaway and loses puck.
9:02 of 2nd period - Minor Penalty to Jake Middleton for Delaying the game.
9:03 of 2nd period - Bryan Rust wins face-off versus Rickard Rakell in Flyers zone.
11:02 of 2nd period - Penalty to Jake Middleton is over, Jake Middleton is back on ice.
11:16 of 2nd period - Sean Monahan is hit by Jaden Schwartz and loses puck.
12:32 of 2nd period - Justin Barron is hit by Mikael Granlund and loses puck.
14:48 of 2nd period - Rickard Rakell is hit by Keegan Kolesar and loses puck.
15:09 of 2nd period - Phil Di Giuseppe is hit by Bryan Rust and loses puck.
15:20 of 2nd period - Justin Barron is hit by Mattias Janmark.
15:38 of 2nd period - Slapshot by Jacob Bernard-Docker.
15:38 of 2nd period - Shot Misses the Net.
15:40 of 2nd period - Snap shot by Anthony Beauvillier.
15:40 of 2nd period - Stopped by Dustin Wolf without a rebound.
15:41 of 2nd period - Charlie Coyle wins face-off versus Jaden Schwartz in Predators zone.
15:44 of 2nd period - Slapshot by Charlie Coyle.
15:44 of 2nd period - Shot Misses the Net.
15:46 of 2nd period - Snap shot by Corey Perry.
15:46 of 2nd period - Shot Blocked by Mario Ferraro.
15:48 of 2nd period - Wrist shot by Quinn Hughes.
15:48 of 2nd period - Shot Misses the Net.
15:50 of 2nd period - Snap shot by Rasmus Andersson.
15:50 of 2nd period - Shot Misses the Net.
16:08 of 2nd period - J.J. Peterka is hit by Sean Monahan and loses puck.
16:33 of 2nd period - Drew Doughty is hit by Nicolas Hague and loses puck.
16:58 of 2nd period - Snap shot by Jaden Schwartz.
16:58 of 2nd period - Shot Misses the Net.
17:47 of 2nd period - Snap shot by Rasmus Ristolainen.
17:47 of 2nd period - Deflect By Cole Caufield.
17:47 of 2nd period - Stopped by Dustin Wolf without a rebound.
17:48 of 2nd period - Connor McDavid wins face-off versus Charlie Coyle in Predators zone.
18:32 of 2nd period - Nicolas Hague is hit by Drew Doughty and loses puck.
18:59 of 2nd period - Wrist shot by Mikael Granlund.
18:59 of 2nd period - Shot Blocked by Nicolas Hague.
19:01 of 2nd period - Snap shot by Mikael Granlund.
19:01 of 2nd period - Stopped by Dustin Wolf with a rebound.
19:32 of 2nd period - Snap shot by Anthony Beauvillier.
19:32 of 2nd period - Shot Blocked by Nicolas Hague.
19:40 of 2nd period - Jake Middleton is hit by Nicolas Hague and loses puck.
19:59 of 2nd period - Wrist shot by William Karlsson.
19:59 of 2nd period - Goal by William Karlsson - Predators : 2 - Flyers : 2.
Goals for this period are 1 for Predators vs 1 for Flyers.
Shots for this period are 5 for Predators vs 6 for Flyers.

3rd period


0:01 of 3rd period - Charlie Coyle wins face-off versus Connor McDavid in neutral zone.
0:34 of 3rd period - Slapshot by Jaden Schwartz.
0:34 of 3rd period - Stopped by Matt Villalta with a rebound.
0:36 of 3rd period - Snap shot by Bryan Rust.
0:36 of 3rd period - Goal by Bryan Rust - Predators : 3 - Flyers : 2.
0:37 of 3rd period - Charlie Coyle wins face-off versus Cole Caufield in neutral zone.
1:04 of 3rd period - Jesper Boqvist is hit by Mario Ferraro and loses puck.
1:29 of 3rd period - Slapshot by Cody Ceci.
1:29 of 3rd period - Shot Blocked by Jake Middleton.
1:31 of 3rd period - Slapshot by Mario Ferraro.
1:31 of 3rd period - Shot Misses the Net.
1:33 of 3rd period - Snap shot by William Karlsson.
1:33 of 3rd period - Stopped by Matt Villalta without a rebound.
1:34 of 3rd period - Charlie Coyle wins face-off versus Cole Caufield in Flyers zone.
1:47 of 3rd period - Slapshot by Rickard Rakell.
1:47 of 3rd period - Stopped by Dustin Wolf without a rebound.
1:48 of 3rd period - Connor McDavid wins face-off versus Charlie Coyle in Predators zone.
2:03 of 3rd period - Slapshot by Quinn Hughes.
2:03 of 3rd period - Stopped by Dustin Wolf with a rebound.
2:05 of 3rd period - Snap shot by Charlie Coyle.
2:05 of 3rd period - Shot Misses the Net.
2:29 of 3rd period - Wrist shot by Phil Di Giuseppe.
2:29 of 3rd period - Stopped by Dustin Wolf with a rebound.
2:44 of 3rd period - Minor Penalty to Garnet Hathaway for Hooking.
2:45 of 3rd period - William Karlsson wins face-off versus Rickard Rakell in Flyers zone.
2:57 of 3rd period - Snap shot by Zach Hyman.
2:57 of 3rd period - Shot Misses the Net.
4:44 of 3rd period - Penalty to Garnet Hathaway is over, Garnet Hathaway is back on ice.
5:09 of 3rd period - Icing by Rasmus Ristolainen.
5:10 of 3rd period - William Karlsson wins face-off versus Kyle MacLean in Flyers zone.
5:16 of 3rd period - Off-side.
5:17 of 3rd period - William Karlsson wins face-off versus Sean Monahan in neutral zone.
5:24 of 3rd period - Slapshot by Keegan Kolesar.
5:24 of 3rd period - Shot Misses the Net.
5:26 of 3rd period - Slapshot by J.J. Peterka.
5:26 of 3rd period - Shot Blocked by Drew Doughty.
5:38 of 3rd period - Jake Middleton is hit by Cole Caufield.
5:46 of 3rd period - Slapshot by Connor McDavid.
5:46 of 3rd period - Deflect By Zach Hyman.
5:46 of 3rd period - Stopped by Matt Villalta without a rebound.
5:47 of 3rd period - Charlie Coyle wins face-off versus Oskar Sundqvist in Flyers zone.
6:10 of 3rd period - Minor Penalty to Quinn Hughes for Roughing.
6:11 of 3rd period - Connor McDavid wins face-off versus Charlie Coyle in Flyers zone.
6:35 of 3rd period - Icing by Bryan Rust.
6:36 of 3rd period - Rickard Rakell wins face-off versus William Karlsson in Predators zone.
6:37 of 3rd period - Snap shot by Charlie Coyle.
6:37 of 3rd period - Stopped by Dustin Wolf with a rebound.
7:03 of 3rd period - Justin Barron is hit by Rasmus Andersson and loses puck.
7:28 of 3rd period - Charlie Coyle is hit by J.J. Peterka.
7:35 of 3rd period - Icing by William Karlsson.
7:36 of 3rd period - William Karlsson wins face-off versus Phil Di Giuseppe in Predators zone.
7:45 of 3rd period - Slapshot by Phil Di Giuseppe.
7:45 of 3rd period - Shot Misses the Net.
8:10 of 3rd period - Penalty to Quinn Hughes is over, Quinn Hughes is back on ice.
8:32 of 3rd period - Mattias Janmark is hit by Jaden Schwartz and loses puck.
9:59 of 3rd period - Snap shot by Jaden Schwartz.
9:59 of 3rd period - Stopped by Matt Villalta with a rebound.
10:24 of 3rd period - Dylan Samberg is hit by Rasmus Andersson and loses puck.
11:51 of 3rd period - Snap shot by Bryan Rust.
11:51 of 3rd period - Shot Misses the Net.
12:01 of 3rd period - Mario Ferraro is hit by Jacob Bernard-Docker.
12:48 of 3rd period - Cody Ceci is hit by Phil Di Giuseppe and loses puck.
13:03 of 3rd period - Jesper Boqvist is hit by Keegan Kolesar and loses puck.
13:16 of 3rd period - Off-side.
13:17 of 3rd period - Connor McDavid wins face-off versus Charlie Coyle in neutral zone.
13:20 of 3rd period - Snap shot by Connor McDavid.
13:20 of 3rd period - Shot Misses the Net.
13:26 of 3rd period - Slapshot by Charlie Coyle.
13:26 of 3rd period - Deflect By Corey Perry.
13:26 of 3rd period - Shot Blocked by Zach Hyman.
13:26 of 3rd period - Puck is out of play.
13:27 of 3rd period - Connor McDavid wins face-off versus Charlie Coyle in Predators zone.
13:32 of 3rd period - Snap shot by Rickard Rakell.
13:32 of 3rd period - Stopped by Dustin Wolf with a rebound.
14:34 of 3rd period - Slapshot by Cole Caufield.
14:34 of 3rd period - Stopped by Matt Villalta without a rebound.
14:35 of 3rd period - Charlie Coyle wins face-off versus J.J. Peterka in Flyers zone.
14:46 of 3rd period - Snap shot by William Karlsson.
14:46 of 3rd period - Shot Blocked by Jake Middleton.
15:02 of 3rd period - Dylan Samberg is hit by Garnet Hathaway and loses puck.
15:07 of 3rd period - Snap shot by Mikael Granlund.
15:07 of 3rd period - Shot Misses the Net.
15:19 of 3rd period - Minor Penalty to Garnet Hathaway for Hooking.
15:20 of 3rd period - Rickard Rakell wins face-off versus Connor McDavid in Flyers zone.
15:20 of 3rd period - Rickard Rakell is hit by Cole Caufield.
17:19 of 3rd period - Penalty to Garnet Hathaway is over, Garnet Hathaway is back on ice.
18:26 of 3rd period - Zach Hyman is hit by Charlie Coyle and loses puck.
19:01 of 3rd period - Flyers, Matt Villalta is pulled from the net.
19:03 of 3rd period - Wrist shot by Rickard Rakell.
19:03 of 3rd period - Deflect By Charlie Coyle.
19:03 of 3rd period - Stopped by Dustin Wolf with a rebound.
19:05 of 3rd period - Snap shot by Quinn Hughes.
19:05 of 3rd period - Shot Misses the Net.
19:13 of 3rd period - Slapshot by Charlie Coyle.
19:13 of 3rd period - Shot Misses the Net.
19:21 of 3rd period - Snap shot by Rickard Rakell.
19:21 of 3rd period - Stopped by Dustin Wolf without a rebound.
19:22 of 3rd period - Scott Arniel call a timeout for Flyers.
19:22 of 3rd period - William Karlsson wins face-off versus Corey Perry in Predators zone.
19:53 of 3rd period - Wrist shot by Rickard Rakell.
19:53 of 3rd period - Shot Misses the Net.
Goals for this period are 1 for Predators vs 0 for Flyers.
Shots for this period are 6 for Predators vs 7 for Flyers.